amy, neutral female human Ranger ---*--- |.....| ------.---.| .)[.)..|...| -----------V| |...*.....|@| |...%.....|.| |*...<...*-.| |....+%...|.--- |.........|...| --------------- amy the Trailblazer Experience level: 8 Strength: 16 Dexterity: 12 Constitution: 15 Intelligence: 13 Wisdom: 13 Charisma: 8 Health: 0(62) Energy: 50(50) Def: 6 Gold: 583 Moves: 4740 Dungeon seed: jPLV68SXMyh6yj4Y Game ID: amy_1464583635 Your Inventory: Coins $ - 583 gold pieces Weapons a - an uncursed +1 dagger b - an uncursed +2 bow (weapon in hand) c - 44 uncursed +2 arrows (in quiver) j - 7 blessed +1 arrows k - 9 uncursed +1 arrows m - 8 uncursed +0 daggers s - 11 uncursed +0 arrows v - 17 uncursed +0 arrows y - 3 uncursed +1 daggers D - a cursed -1 arrow E - 4 blessed +2 arrows V - 6 uncursed poisoned +0 arrows X - 18 blessed +0 arrows Armor e - an uncursed +2 cloak of displacement (being worn) r - an uncursed +0 pair of iron shoes (being worn) w - an uncursed +0 orcish helm (being worn) C - an uncursed +0 dwarvish cloak Comestibles G - an uncursed orange H - an uncursed tin of kobold lord meat P - an uncursed pear Scrolls x - an uncursed scroll of punishment Potions l - an uncursed potion of blindness o - a cursed potion of sleeping t - an uncursed potion of water u - an uncursed potion of fruit juice z - an uncursed potion of polymorph Wands g - an uncursed wand of slow monster (0:2) h - an uncursed wand of undead turning (0:3) n - an uncursed wand of create monster (0:13) A - an uncursed wand of enlightenment (0:13) K - an uncursed wand of fire (0:2) U - an uncursed wand of magic missile (0:3) Z - an uncursed wand of magic missile (0:4) Tools i - 7 blessed tallow candles (0:200) B - an uncursed oil lamp (0:1453) F - an uncursed bag of holding I - an uncursed towel Gems q - a cursed touchstone N - 5 uncursed worthless pieces of black glass O - an uncursed worthless piece of red glass Q - 2 uncursed dilithium crystals Y - an uncursed touchstone Contents of the bag of holding: 4 uncursed +5 arrows 137 uncursed +0 arrows 18 cursed -1 arrows 6 uncursed +0 daggers a cursed -1 dagger a blessed scroll of blank paper 2 uncursed scrolls of blank paper an uncursed scroll of create monster a cursed scroll of magic mapping an uncursed scroll of remove curse 2 uncursed potions of speed Spells and supernatural/magical abilities: Name Level Category Fail Memory W - pray for help -- divine ? -- Your skills at the end: Miscellaneous Skills wands [Basic] Weapon Skills dagger [Basic] bow [Expert] Spellcasting Skills Final Attributes: You were fervently aligned. You were poison resistant. You had automatic searching. You were displaced. You were stealthy. You are dead. Vanquished creatures: a vampire lord a winter wolf 2 ettin mummies a dwarf king 2 tengu 8 wolves a panther 3 giant spiders an ice vortex a gnome king a dwarf mummy an ogre 2 werewolves a blue jelly a raven a snake a baby crocodile an orc shaman a rock piercer a fog cloud a shrieker 8 gnome lords 2 gnomish wizards a kobold mummy an elf zombie a straw golem a paper golem 3 little dogs 3 floating eyes 13 dwarves 2 iguanas 3 hill orcs a monkey 5 hobbits 3 geckos 32 gnomes 2 jackals 2 kobolds 6 newts 2 goblins 2 sewer rats 3 grid bugs 3 lichens 3 kobold zombies 135 creatures vanquished. Voluntary challenges: You had followed a strict vegan diet until turn 2442. You had followed a strict vegetarian diet until turn 2442. You did not adorn yourself with jewelry or accessories. You had been an atheist until turn 2118. You used a wielded weapon 37 times, starting on turn 120. You did not apply a unicorn horn. You read items or engraved 12 times, starting on turn 32. You never genocided any monsters. You never polymorphed an object. You never changed form. You used no wishes. You never split a pudding. You wrote Elbereth's name 5 times, starting on turn 2183. You violated your moral code, losing 3 points of alignment, starting on turn 3538. Dungeon overview: The Dungeons of Doom: levels 1 to 4 Level 1 a long staircase Level 2 a general store, a sink Level 3 some fountains Level 4 stairs to The Gnomish Mines The Gnomish Mines: levels 5 to 12 Level 5 stairs to The Dungeons of Doom Level 6 Level 7 some shops, a temple to Mars, a magic chest, some fountains Level 8 Level 9 Level 10 Level 11 Level 12 <- You were here History has recorded: On T:1 you entered the Dungeons of Doom to retrieve the Amulet of Yendor! On T:230 you reached level 2 of The Dungeons of Doom. On T:742 you advanced to experience level 2. On T:792 you reached level 3 of The Dungeons of Doom. On T:1197 you reached level 4 of The Dungeons of Doom. On T:1441 you advanced to experience level 3. On T:1488 you reached level 1 of The Gnomish Mines. On T:1512 you advanced to experience level 4. On T:1746 you advanced to experience level 5. On T:1943 you reached level 2 of The Gnomish Mines. On T:2021 you reached level 3 of The Gnomish Mines. On T:2080 you opened a magic chest. On T:2081 you opened a magic chest. On T:2081 you opened a magic chest. On T:2106 you entered the Minetown temple On T:2429 you reached level 4 of The Gnomish Mines. On T:2493 you advanced to experience level 6. On T:2712 you reached level 5 of The Gnomish Mines. On T:2996 you advanced to experience level 7. On T:4033 you advanced to experience level 8. On T:4484 you reached level 7 of The Gnomish Mines. On T:4587 you reached level 8 of The Gnomish Mines. On T:4587 you reached the bottom of the Mines. Score breakdown: Gold: 583 ( 58 points) Experience: 8 levels ( 700 points) Exploration: 12 levels ( 330 points) Discoveries: 14 items ( 700 points) Variety of kills: 44 monsters ( 2000 points) Major goal: reached Mine's End ( 1000 points) Survival: died (score multiplied by 3) Total score: 14364 Latest messages: The large dog picks up 2 arrows. You displace your large dog. There is nothing here to pick up. You see here a mummy wrapping. You displace your large dog. There are a few objects here. You see here a mummy wrapping. You hear some noises. You displace your large dog. The little dog bites! (2x) You begin praying to Venus. You are surrounded by a shimmering light. The little dog starts to attack you, but pulls back. (4x) You feel that Venus is pleased. You feel in good health again. You hit the little dog. The little dog bites! (2x) You shoot 2 arrows. The 1st arrow hits the little dog! The 2nd arrow hits something! You kill the little dog! You see here 2 uncursed +2 arrows. The vampire lord scratches you! The vampire lord bites! You die... Final status: Goodbye amy the Ranger, killed by a vampire lord... You died in The Gnomish Mines on dungeon level 12 with 14364 points, and 583 pieces of gold, after 4740 moves. You were level 8 with a maximum of 62 hit points when you died.